cohdb
Replays
Latest Replays
All Replays
Popular Replays
Top Player Replays
Match Explorer
How It Works
Community
CoH3 Stats
Reddit
Sign in to upload your games and track your stats! →
Sign in with Steam
Match 41760360
Unlisted
Match 41760360
Overview
Messages
Build Orders
End
Panzergrenadier Squad
250 Light Carrier
Panzergrenadier Squad
Construct Light Support Kompanie
Combat Half-tracks
Fire Support Elements
250 Light Carrier
Flakvierling Half-track
Vehicle Survival Package
Construct Mechanized Kompanie
Pak 38 Mechanized Group
Marder III Tank Destroyer
Selects Battlefield Espionage Battlegroup
Selects Intel Disruption Beacon
Selects Plunder
Panzerpioneer Squad
Veteran Squad Leaders
Selects Firestorm
Forward Retreat Point
Firestorm
Construct Panzerarmee Kommand
Selects 250/3 Funkpanzerwagen
Selects Anti-Tank Incendiary Munitions
Firestorm
Grimauldus
KampFTrikeR
kenleung
Getmeout
Kvitravn
Cpt. Colter Stevens
Bernadette La Chouette
Stock is best property
0
0
Comments
sign in to comment!
No comments posted yet!